 Dungeon Crawl Stone Soup version 0.24.0-13-gcf9b3192b9 (webtiles) character file.

Game seed: 8569175700962033972, levelgen mode: deterministic

623 Acheron the Chopper (level 7, -7/61 HPs)
             Began as a Minotaur Berserker on Nov 9, 2019.
             Was a Priest of Trog.
             Mangled by a troll (10 damage)
             ... on level 5 of the Dungeon.
             The game lasted 00:10:09 (2152 turns).

Acheron the Chopper (Minotaur Berserker)            Turns: 2152, Time: 00:10:10

Health: -7/61      AC:  8    Str: 22    XL:     7   Next: 22%
Magic:  6/6        EV: 11    Int:  6    God:    Trog [***...]
Gold:   162        SH:  0    Dex:  9    Spells: 6/6 levels left

rFire    . . .     SeeInvis .   a - +0 hand axe
rCold    . . .     Gourm    .   (no shield)
rNeg     . . .     Faith    .   h - +0 scale mail
rPois    .         Spirit   .   o - +1 hat
rElec    .         Reflect  .   (no cloak)
rCorr    .         Harm     .   (no gloves)
MR       .....                  (no boots)
Stlth    ..........             (no amulet)
HPRegen  0.20/turn              (no ring)
MPRegen  0.10/turn              (no ring)

@: no status effects
A: retaliatory headbutt, horns 2
a: Berserk, Trog's Hand, Renounce Religion


You were on level 5 of the Dungeon.
You worshipped Trog.
Trog was most pleased with you.
You were not hungry.

You visited 2 branches of the dungeon, and saw 7 of its levels.

You collected 162 gold pieces.

Inventory:

Hand Weapons
 a - a +0 hand axe (weapon)
 w - a +0 short sword of freezing
Missiles
 l - 60 stones (quivered)
 r - 2 curare-tipped darts
Armour
 h - a +0 scale mail (worn)
 o - a +1 hat (worn)
 q - a +0 shield
 x - a +0 shield
Jewellery
 d - a +2 ring of strength {unknown}
 p - an uncursed amulet of guardian spirit {unknown}
Wands
 v - a wand of disintegration (3)
Scrolls
 e - 2 scrolls of teleportation {unknown}
 f - 2 scrolls of remove curse {unknown}
 g - 4 scrolls of amnesia
 i - 7 scrolls of identify {unknown}
 m - a scroll of fog {unknown}
 s - a scroll of enchant armour {unknown}
 t - 2 scrolls of magic mapping {unknown}
 u - a scroll of immolation {unknown}
Potions
 b - a potion of agility {unknown}
 j - 3 potions of heal wounds {unknown}
 k - a potion of flight {unknown}
 n - 3 potions of curing {unknown}
Comestibles
 c - 8 rations


   Skills:
 + Level 5.0 Fighting
 + Level 6.2 Axes
 + Level 4.2 Armour
 * Level 4.2 Dodging
 * Level 2.5 Stealth
 * Level 1.4 Shields
 * Level 1.0 Evocations


You had 6 spell levels left.
You didn't know any spells.
Your spell library was empty.

Dungeon Overview and Level Annotations

Branches:
Dungeon (6/15)             Temple (1/1) D:5

Altars:
Ashenzari
Cheibriados
Dithmenos
Elyvilon
Fedhas
Gozag
Makhleb
Nemelex Xobeh
Okawaru
Qazlal
Ru
Sif Muna
Trog
Uskayaw
Vehumet
Xom
Yredelemnul
Zin
The Shining One

Annotations:
D:3 Robin
D:4 exclusion: downstairs, Pikel


Innate Abilities, Weirdness & Mutations

You reflexively headbutt those who attack you in melee.
You have a pair of horns on your head.


Message History

d - a small cabochon ring
j - 3 glowing puce potions (gained 1)
c - 8 rations (gained 1)
You hit the troll. You headbutt the troll.
The troll is lightly wounded.
The troll bites you! The troll claws you.
* * * LOW HITPOINT WARNING * * *
The troll claws you.
* * * LOW HITPOINT WARNING * * *
Okay, then.
The dart slug bites you.
* * * LOW HITPOINT WARNING * * *
The troll bites you but does no damage.
The troll claws you but does no damage. x2
There is a stone staircase leading down here.
As you read the scroll labeled FATOAVV VAED, it crumbles to dust.
It is a scroll of amnesia.
You feel forgetful for a moment. The troll bites you!
* * * LOW HITPOINT WARNING * * *
The troll claws you!
You die...

# #...#####.# #.#
#.# .#.# ..........#
#.# #.. ##.#########
#.## ###...# #. #..#
#...# ##.# #...# #.#
#...#
#.#######...###
######..............
#..@T...............
#.#####............(
# #.###.###...##
####.##.#####..#
#......##.##...#
#.##...#.......##
#.##.##..#...>..#..#
...............###w#
####.##..####..###..


You could see a troll.

Vanquished Creatures
  A slave (D:4)
  An ogre (D:6)
  A sky beast (D:5)
  A centaur (D:5)
  A howler monkey (D:4)
  A hound (D:6)
  2 orc priests (D:4)
  A centaur skeleton (D:5)
  3 worker ants
  Natasha (twice) (D:4)
  2 adders (D:4)
  3 worms
  2 dart slugs (D:1)
  2 leopard geckos
  9 orcs
  5 bats
  3 giant cockroaches
  5 goblins
  5 hobgoblins (D:1)
  4 jackals
  A quokka (D:4)
  A ball python (D:4)
  2 frilled lizards
  5 kobolds
  A quokka zombie (D:6)
  6 rats
70 creatures vanquished.

Notes
Turn   | Place    | Note
-------+----------+-------------------------------------------
     0 | D:1      | Acheron the Minotaur Berserker began the quest for the Orb.
     0 | D:1      | Reached XP level 1. HP: 19/19 MP: 0/0
    17 | D:1      | Reached XP level 2. HP: 25/27 MP: 1/1
   207 | D:1      | Reached skill level 4 in Axes
   393 | D:1      | Reached XP level 3. HP: 33/33 MP: 2/2
   457 | D:2      | Reached ** piety under Trog
   507 | D:3      | Found a white marble altar of Elyvilon.
   785 | D:4      | Reached skill level 1 in Stealth
   785 | D:4      | Reached XP level 4. HP: 40/40 MP: 3/3
   875 | D:4      | Reached XP level 5. HP: 41/47 MP: 4/4
   959 | D:5      | Entered Level 5 of the Dungeon
   959 | D:5      | Noticed a centaur
   959 | D:5      | Noticed a troll
   963 | D:5      | Killed a centaur
   963 | D:5      | Reached skill level 5 in Axes
  1101 | D:4      | Noticed Natasha
  1105 | D:4      | Killed Natasha
  1105 | D:4      | Reached XP level 6. HP: 43/53 MP: 5/5
  1209 | D:4      | Noticed Pikel
  1209 | D:4      | Noticed a slave
  1209 | D:4      | Noticed a slave
  1209 | D:4      | Noticed a slave
  1210 | D:4      | Noticed a slave
  1221 | D:3      | Noticed Robin
  1257 | D:4      | Killed a slave
  1360 | D:4      | Noticed Natasha
  1365 | D:4      | Killed Natasha
  1785 | D:6      | Reached skill level 6 in Axes
  1865 | D:6      | Reached skill level 1 in Shields
  1890 | D:5      | Reached XP level 7. HP: 59/60 MP: 6/6
  1899 | D:5      | Found a staircase to the Ecumenical Temple.
  1913 | Temple   | Entered the Ecumenical Temple
  2072 | D:5      | Reached *** piety under Trog
  2072 | D:5      | Reached skill level 5 in Fighting
  2072 | D:5      | Reached skill level 1 in Evocations
  2152 | D:5      | HP: 3/61 [troll (14)]
  2152 | D:5      | Mangled by a troll

Levels and vault maps discovered:
D:1:      dpeg_arrival_ratfight, layout_basic
D:2:      layout_rooms, lemuel_crystal_altar, first_ration
D:3:      layout_rooms, elyvilon_altar_5, lightli_sewer_entry_pipes,
          minmay_misc_feat_tiny, fedhas_altar_fruit_tree, uniq_robin
D:4:      layout_basic, uniq_natasha, uniq_pikel
D:5:      black_bear_nest_2, layout_loops_cross, minmay_temple_entry_wispy,
          minmay_bent
D:6:      layout_gridville, kiku_gazebo_pond_becter
Temple:   hc_temple_tempest_star

Skill      XL: |  1  2  3  4  5  6  7 |
---------------+----------------------+-----
Fighting       | 4 5 |  5.0
Axes           | 4 5 6 |  6.2
Dodging        | 3 4 |  4.2
Stealth        | 1 2 |  2.5
Armour         | 3 4 |  4.2
Shields        | 1 |  1.4
Evocations     | 1 |  1.0

Action                   |  1- 3 |  4- 6 |  7- 9 || total
-------------------------+-------+-------+-------++-------
Melee: Hand axe          |    79 |   106 |    13 ||   198
       Headbutt          |    11 |    20 |     4 ||    35
Invok: Berserk           |       |     1 |       ||     1
  Use: Scroll            |       |       |     1 ||     1
  Eat: Chunk             |       |     4 |     1 ||     5
Armor: Scale mail        |    27 |    41 |     9 ||    77
       Animal skin       |     5 |       |       ||     5
Dodge: Dodged            |    41 |    69 |     2 ||   112
